TOP OF THE 1ST |
Tijuana Toros batting - Pitching for Calgary Flames : LHP Cory Watson
|
Pitching: LHP Cory Watson
|
|
Batting: RHB Theo Schepers
|
0-0: Ball 1-0: Ball 2-0: Bunt for hit to 2R - play at first, batter OUT! 2-3
|
Batting: LHB Steve Pond
|
0-0: Ball 1-0: Foul Ball, location: 2F 1-1: Ball 2-1: Fly out, F9 (Flyball, 89S, EV 96.3 MPH)
|
Batting: RHB Chad Rojas
|
0-0: Ball 1-0: Fly out, F8 (Flyball, 8LD, EV 93.8 MPH)
|
Top of the 1st over - 0 runs, 0 hits, 0 errors, 0 left on base; Tijuana 0 - Calgary 0 |
BOTTOM OF THE 1ST |
Calgary Flames batting - Pitching for Tijuana Toros : LHP Bryan Rouse
|
Pitching: LHP Bryan Rouse
|
|
Batting: RHB Dave McBain
|
0-0: Ball 1-0: Ball 2-0: Foul Ball, location: 2F 2-1: Called Strike 2-2: Ball 3-2: Foul Ball, location: 2F 3-2: Foul Ball, location: 2F 3-2: Foul Ball, location: 2F 3-2: Strikes out swinging
|
Batting: RHB Brian DeVoe
|
0-0: Ball 1-0: Ball 2-0: Ball 3-0: Base on Balls
|
Batting: RHB Wally Cangro
|
0-0: Ball 1-0: Ball 2-0: Called Strike 2-1: TRIPLE (Flyball, 89XD, EV 103.8 MPH) Brian DeVoe scores
|
Batting: RHB Ricardo Ortiz
|
0-0: Called Strike 0-1: Fly out, F3 (Line Drive, 3, EV 64.4 MPH)
|
Batting: LHB Ramon Vega
|
0-0: Swinging Strike 0-1: DOUBLE (Line Drive, 9LS, EV 101.9 MPH) Wally Cangro scores
|
Batting: RHB Mike MacLeod
|
0-0: Ball 1-0: Fly out, F8 (Flyball, 8RM, EV 76.9 MPH)
|
Bottom of the 1st over - 2 runs, 2 hits, 0 errors, 1 left on base; Tijuana 0 - Calgary 2 |
TOP OF THE 2ND |
Tijuana Toros batting - Pitching for Calgary Flames : LHP Cory Watson
|
Batting: LHB Nate Kee
|
0-0: Ball 1-0: Foul Ball, location: 2F 1-1: Ball 2-1: Ground out U3 (Groundball, 3, EV 100.0 MPH)
|
Batting: RHB Pat Adams
|
0-0: Ball 1-0: Called Strike 1-1: Ball 2-1: Ball 3-1: TRIPLE (Flyball, 89XD, EV 100.6 MPH)
|
Batting: RHB Mike Kaczor
|
0-0: Called Strike 0-1: DOUBLE (Line Drive, 9LS, EV 101.3 MPH) Pat Adams scores
|
Batting: SHB Shane Marcum
|
0-0: Reached on error, E6 (Groundball, 6, EV 98.1 MPH) Mike Kaczor scores
|
Batting: LHB Chris Buchan
|
0-0: Called Strike 0-1: Ball 1-1: Called Strike 1-2: Ball 2-2: Strikes out swinging
|
Batting: RHB Will Barksdale
|
0-0: Ball 1-0: Ball 2-0: Called Strike 2-1: Ball 3-1: Base on Balls
|
Batting: RHB Theo Schepers
|
0-0: Ball 1-0: Ball 2-0: Ball 3-0: Called Strike 3-1: Base on Balls Shane Marcum to third Will Barksdale to second
|
Batting: LHB Steve Pond
|
0-0: Ball 1-0: Called Strike 1-1: Ball 2-1: Ball 3-1: Foul Ball, location: 2F 3-2: Base on Balls Shane Marcum scores Will Barksdale to third Theo Schepers to second
|
Batting: RHB Chad Rojas
|
0-0: Called Strike 0-1: Foul Ball, location: 2F 0-2: Ball 1-2: Ball 2-2: Ball 3-2: Base on Balls Will Barksdale scores Theo Schepers to third Steve Pond to second
|
Batting: LHB Nate Kee
|
0-0: Called Strike 0-1: Ball 1-1: Ball Wild Pitch! Theo Schepers scores Steve Pond to third Chad Rojas to second 2-1: Ball 3-1: Called Strike 3-2: Foul Ball, location: 2F 3-2: Ground out U3 (Groundball, 3L, EV 102.5 MPH)
|
Top of the 2nd over - 5 runs, 2 hits, 1 error, 2 left on base; Tijuana 5 - Calgary 2 |
BOTTOM OF THE 2ND |
Calgary Flames batting - Pitching for Tijuana Toros : LHP Bryan Rouse
|
Batting: RHB Ed Oake
|
0-0: SINGLE (Groundball, 4S, EV 69.4 MPH) (infield hit)
|
Batting: RHB Jon Groseclose
|
0-0: Ball 1-0: Ball 2-0: Ball 3-0: Called Strike 3-1: Foul Ball, location: 2F 3-2: Base on Balls Ed Oake to second
|
Batting: LHB Lu-po-teh Zhou
|
0-0: Ball 1-0: Ball 2-0: Fly out, F7 (Line Drive, 7D, EV 89.4 MPH) Runner from 2nd tags up, SAFE at 3rd with throw by LF
|
Pitching: RHP Gary Salazar
|
|
Batting: RHB Dave McBain
|
0-0: Fielders Choice at 2nd, 6-4 (Groundball, 6S, EV 84.4 MPH) Ed Oake scores
|
Batting: RHB Brian DeVoe
|
0-0: Ball 1-0: Ball 2-0: Ground out 4-3 (Groundball, 4S, EV 92.5 MPH)
|
Bottom of the 2nd over - 1 run, 1 hit, 0 errors, 1 left on base; Tijuana 5 - Calgary 3 |
TOP OF THE 3RD |
Tijuana Toros batting - Pitching for Calgary Flames : LHP Cory Watson
|
Batting: RHB Pat Adams
|
0-0: Ground out 4-3 (Groundball, 4, EV 91.3 MPH)
|
Batting: RHB Mike Kaczor
|
0-0: Ball 1-0: Ball 2-0: Called Strike 2-1: Ball 3-1: SINGLE (Groundball, 4D, EV 110.0 MPH)
|
Pitching: RHP Alberto Cuevas
|
|
Batting: SHB Shane Marcum
|
0-0: Ball 1-0: Foul Ball, location: 2F 1-1: Swinging Strike 1-2: Ball 2-2: Strikes out swinging
|
Batting: LHB Chris Buchan
|
0-0: Ball 1-0: Foul Ball, location: 2F 1-1: Ball 2-1: Ball 3-1: Ground out U3 (Groundball, 3, EV 85.6 MPH)
|
Top of the 3rd over - 0 runs, 1 hit, 0 errors, 1 left on base; Tijuana 5 - Calgary 3 |
BOTTOM OF THE 3RD |
Calgary Flames batting - Pitching for Tijuana Toros : RHP Gary Salazar
|
Batting: RHB Wally Cangro
|
0-0: SINGLE (Line Drive, 89S, EV 106.9 MPH)
|
Batting: RHB Ricardo Ortiz
|
0-0: Swinging Strike 0-1: Foul Ball, location: 2F 0-2: Foul Ball, location: 2F 0-2: Ball 1-2: Grounds into double play, 6-4-3 (Groundball, 6M, EV 82.5 MPH)
|
Batting: LHB Ramon Vega
|
0-0: Ball 1-0: Ball 2-0: Ground out 4-3 (Groundball, 4, EV 110.6 MPH)
|
Bottom of the 3rd over - 0 runs, 1 hit, 0 errors, 0 left on base; Tijuana 5 - Calgary 3 |
TOP OF THE 4TH |
Tijuana Toros batting - Pitching for Calgary Flames : RHP Alberto Cuevas
|
Batting: RHB Will Barksdale
|
0-0: Foul Ball, location: 2F 0-1: Called Strike 0-2: Foul Ball, location: 2F 0-2: Strikes out swinging
|
Batting: RHB Theo Schepers
|
0-0: Swinging Strike 0-1: Foul Ball, location: 2F 0-2: Foul Ball, location: 2F 0-2: Strikes out swinging
|
Batting: LHB Steve Pond
|
0-0: Ball 1-0: Fly out, F8 (Flyball, 78D, EV 85.0 MPH)
|
Top of the 4th over - 0 runs, 0 hits, 0 errors, 0 left on base; Tijuana 5 - Calgary 3 |
BOTTOM OF THE 4TH |
Calgary Flames batting - Pitching for Tijuana Toros : RHP Gary Salazar
|
Batting: RHB Mike MacLeod
|
0-0: Swinging Strike 0-1: Foul Ball, location: 2F 0-2: Foul Ball, location: 2F 0-2: Foul Ball, location: 2F 0-2: Strikes out looking
|
Pitching: RHP Alfredo Sanchez
|
|
Batting: RHB Ed Oake
|
0-0: Called Strike 0-1: Foul Ball, location: 2F 0-2: Ball 1-2: Foul Ball, location: 2F 1-2: Strikes out looking
|
Batting: RHB Jon Groseclose
|
0-0: Ball 1-0: Ball 2-0: Ball 3-0: Swinging Strike 3-1: Ground out 6-3 (Groundball, 6, EV 107.5 MPH)
|
Bottom of the 4th over - 0 runs, 0 hits, 0 errors, 0 left on base; Tijuana 5 - Calgary 3 |
TOP OF THE 5TH |
Tijuana Toros batting - Pitching for Calgary Flames : RHP Alberto Cuevas
|
Batting: RHB Chad Rojas
|
0-0: Foul Ball, location: 2F 0-1: Ball 1-1: Ball 2-1: Ground out 5-3 (Groundball, 56S, EV 83.1 MPH)
|
Batting: LHB Nate Kee
|
0-0: Ball 1-0: Ball 2-0: Foul Ball, location: 2F 2-1: Ball 3-1: Called Strike 3-2: Strikes out looking
|
Batting: RHB Pat Adams
|
0-0: Swinging Strike 0-1: Foul Ball, location: 2F 0-2: Strikes out swinging
|
Top of the 5th over - 0 runs, 0 hits, 0 errors, 0 left on base; Tijuana 5 - Calgary 3 |
BOTTOM OF THE 5TH |
Calgary Flames batting - Pitching for Tijuana Toros : RHP Alfredo Sanchez
|
Batting: LHB Lu-po-teh Zhou
|
0-0: Swinging Strike 0-1: Ball 1-1: Ball 2-1: Ball 3-1: DOUBLE (Line Drive, 8RXD, EV 106.9 MPH)
|
Batting: RHB Dave McBain
|
0-0: Ball 1-0: SINGLE (Groundball, 6MD, EV 104.4 MPH) Lu-po-teh Zhou to third
|
Batting: RHB Brian DeVoe
|
0-0: Called Strike 0-1: Swinging Strike 0-2: Ball 1-2: Ball 2-2: Strikes out looking
|
Pitching: RHP Kevin Fleming
|
|
Batting: RHB Wally Cangro
|
0-0: Fly out, F9 (Flyball, 9S, EV 91.9 MPH)
|
Batting: RHB Ricardo Ortiz
|
0-0: Ball 1-0: Foul Ball, location: 2F 1-1: SINGLE (Line Drive, 4D, EV 109.4 MPH) Lu-po-teh Zhou scores Dave McBain to second
|
Batting: LHB Ramon Vega
|
0-0: Swinging Strike 0-1: Ball 1-1: Ball 2-1: Foul Ball, location: 2F 2-2: Ground out U3 (Groundball, 3, EV 90.6 MPH)
|
Bottom of the 5th over - 1 run, 3 hits, 0 errors, 2 left on base; Tijuana 5 - Calgary 4 |
TOP OF THE 6TH |
Tijuana Toros batting - Pitching for Calgary Flames : RHP Alberto Cuevas
|
Batting: RHB Mike Kaczor
|
0-0: Called Strike 0-1: Foul Ball, location: 2F 0-2: Strikes out swinging
|
Batting: SHB Shane Marcum
|
0-0: Called Strike 0-1: Swinging Strike 0-2: Ball 1-2: Foul Ball, location: 2F 1-2: Foul Ball, location: 2F 1-2: Ball 2-2: Ball 3-2: Strikes out swinging
|
Batting: LHB Chris Buchan
|
0-0: Called Strike 0-1: Swinging Strike 0-2: Foul Ball, location: 2F 0-2: Ball 1-2: Ball 2-2: Foul Ball, location: 2F 2-2: Strikes out looking
|
Top of the 6th over - 0 runs, 0 hits, 0 errors, 0 left on base; Tijuana 5 - Calgary 4 |
BOTTOM OF THE 6TH |
Calgary Flames batting - Pitching for Tijuana Toros : RHP Kevin Fleming
|
Batting: RHB Mike MacLeod
|
0-0: SINGLE (Line Drive, 4MD, EV 98.1 MPH)
|
Batting: RHB Ed Oake
|
0-0: Called Strike 0-1: Ball 1-1: Fly out, F8 (Flyball, 8RD, EV 88.1 MPH)
|
Batting: RHB Eric McMillian
|
0-0: Foul Ball, location: 2F 0-1: DOUBLE (Flyball, 8RD, EV 101.9 MPH) Mike MacLeod to third
|
Batting: LHB Lu-po-teh Zhou
|
0-0: SINGLE (Groundball, 34D, EV 102.5 MPH) Mike MacLeod scores Eric McMillian to third
|
Batting: RHB Dave McBain
|
0-0: Called Strike 0-1: Ball 1-1: Foul Ball, location: 2F 1-2: Ball 2-2: Ball 3-2: Foul Ball, location: 2F 3-2: Foul Ball, location: 2F 3-2: Fly out, F6 (Line Drive, 6, EV 69.4 MPH)
|
Pitching: RHP Jordan Amaker
|
|
Batting: RHB Brian DeVoe
|
0-0: Foul Ball, location: 2F 0-1: Ball 1-1: Foul Ball, location: 2F 1-2: Foul Ball, location: 2F 1-2: Ball 2-2: Strikes out swinging
|
Bottom of the 6th over - 1 run, 3 hits, 0 errors, 2 left on base; Tijuana 5 - Calgary 5 |
TOP OF THE 7TH |
Tijuana Toros batting - Pitching for Calgary Flames : RHP Alberto Cuevas
|
Pitching: LHP Ismael Diaz
|
|
Batting: RHB Will Barksdale
|
0-0: Ball 1-0: Ball 2-0: Ball 3-0: Called Strike 3-1: Base on Balls
|
Batting: RHB Theo Schepers
|
0-0: Bunt - Flyout to 15! F1
|
Pinch Hitting: RHB Joe Bower
|
0-0: Ball 1-0: Called Strike 1-1: Swinging Strike 1-2: Ball 2-2: Foul Ball, location: 2F 2-2: Ball 3-2: Strikes out swinging
|
Batting: RHB Chad Rojas
|
0-0: Ball 1-0: Ball 2-0: Swinging Strike 2-1: Called Strike 2-2: Strikes out swinging
|
Top of the 7th over - 0 runs, 0 hits, 0 errors, 1 left on base; Tijuana 5 - Calgary 5 |
BOTTOM OF THE 7TH |
Calgary Flames batting - Pitching for Tijuana Toros : RHP Jordan Amaker
|
Now in RF: Joe Bower
|
|
Batting: RHB Wally Cangro
|
0-0: Ball 1-0: Ball 2-0: Swinging Strike 2-1: Foul Ball, location: 2F 2-2: Ball 3-2: Base on Balls
|
Batting: RHB Ricardo Ortiz
|
0-0: Called Strike 0-1: Foul Ball, location: 2F 0-2: SINGLE (Line Drive, 7S, EV 98.1 MPH) Wally Cangro to second
|
Batting: LHB Ramon Vega
|
0-0: Ball 1-0: Ball 2-0: Ball 3-0: Base on Balls Wally Cangro to third Ricardo Ortiz to second
|
Pitching: RHP Balinda Msrah
|
|
Batting: RHB Mike MacLeod
|
0-0: Ball 1-0: Ball 2-0: Swinging Strike 2-1: Foul Ball, location: 2F 2-2: Foul Ball, location: 2F 2-2: Strikes out swinging
|
Batting: RHB Ed Oake
|
0-0: Swinging Strike 0-1: Foul Ball, location: 2F 0-2: Ball 1-2: Strikes out looking
|
Batting: RHB Eric McMillian
|
0-0: Ball 1-0: Swinging Strike 1-1: Foul Ball, location: 2F 1-2: Foul Ball, location: 2F 1-2: Foul Ball, location: 2F 1-2: Fly out, F7 (Flyball, 7LD, EV 104.4 MPH)
|
Bottom of the 7th over - 0 runs, 1 hit, 0 errors, 3 left on base; Tijuana 5 - Calgary 5 |
TOP OF THE 8TH |
Tijuana Toros batting - Pitching for Calgary Flames : LHP Ismael Diaz
|
Pitching: RHP Ching Ge
|
|
Batting: LHB Nate Kee
|
0-0: Called Strike 0-1: Ball 1-1: Called Strike 1-2: Foul Ball, location: 2F 1-2: Ball 2-2: Ball 3-2: Strikes out swinging
|
Pinch Hitting: LHB Mesfin Azagba
|
0-0: Ball 1-0: Called Strike 1-1: Foul Ball, location: 2F 1-2: Fly out, F7 (Flyball, 7, EV 90.0 MPH)
|
Batting: RHB Mike Kaczor
|
0-0: Foul Ball, location: 2F 0-1: Foul Ball, location: 2F 0-2: Ball 1-2: Strikes out swinging
|
Top of the 8th over - 0 runs, 0 hits, 0 errors, 0 left on base; Tijuana 5 - Calgary 5 |
BOTTOM OF THE 8TH |
Calgary Flames batting - Pitching for Tijuana Toros : RHP Balinda Msrah
|
Pitching: RHP Seved Landgre
|
|
Now at 3B: Mesfin Azagba
|
|
Batting: LHB Lu-po-teh Zhou
|
0-0: Ball 1-0: Ball 2-0: DOUBLE (Groundball, 5L, EV 102.5 MPH)
|
Batting: RHB Dave McBain
|
0-0: Ball 1-0: Bunt - Flyout to 2L! F2
|
Batting: RHB Brian DeVoe
|
0-0: Called Strike 0-1: Foul Ball, location: 2F 0-2: Ball 1-2: Ball 2-2: Foul Ball, location: 2F 2-2: Strikes out swinging
|
Batting: RHB Wally Cangro
|
0-0: Foul Ball, location: 2F 0-1: Called Strike 0-2: Foul Ball, location: 2F 0-2: Ball 1-2: DOUBLE (Flyball, 89XD, EV 101.3 MPH) Lu-po-teh Zhou scores
|
Batting: RHB Ricardo Ortiz
|
0-0: Ball 1-0: SINGLE (Groundball, 4MD, EV 105.6 MPH) Wally Cangro to third Runner from 3rd tries for Home, SAFE, throw by CF to home
|
Pitching: RHP Jeff Lewis
|
|
Batting: LHB Ramon Vega
|
0-0: Foul Ball, location: 2F 0-1: Ball 1-1: Called Strike 1-2: SINGLE (Groundball, 34S, EV 68.1 MPH) (infield hit) Ricardo Ortiz to second
|
Batting: RHB Mike MacLeod
|
0-0: Ball 1-0: Foul Ball, location: 2F 1-1: Ball 2-1: Called Strike 2-2: Foul Ball, location: 2F 2-2: Foul Ball, location: 2F 2-2: Foul Ball, location: 2F 2-2: Ball 3-2: Fly out, F9 (Flyball, 89D, EV 90.6 MPH)
|
Bottom of the 8th over - 2 runs, 4 hits, 0 errors, 2 left on base; Tijuana 5 - Calgary 7 |
TOP OF THE 9TH |
Tijuana Toros batting - Pitching for Calgary Flames : RHP Ching Ge
|
Batting: SHB Shane Marcum
|
0-0: Ball 1-0: Called Strike 1-1: Foul Ball, location: 2F 1-2: Strikes out swinging
|
Batting: LHB Chris Buchan
|
0-0: Swinging Strike 0-1: Ball 1-1: Foul Ball, location: 2F 1-2: Foul Ball, location: 2F 1-2: Ball 2-2: Foul Ball, location: 2F 2-2: Ball 3-2: Strikes out swinging
|
Batting: RHB Will Barksdale
|
0-0: Foul Ball, location: 2F 0-1: Ball 1-1: Swinging Strike 1-2: Strikes out swinging
|
Top of the 9th over - 0 runs, 0 hits, 0 errors, 0 left on base; Tijuana 5 - Calgary 7 |
|